 Dungeon Crawl Stone Soup version 0.21.1-1-g345015fe64 (webtiles) character file.

252 Nattfarinn the Covert (level 6, -3/50 HPs)
             Began as a Gnoll Assassin on May 6, 2018.
             Slain by Goboxel's ghost (7 damage)
             ... on level 4 of the Dungeon.
             The game lasted 00:08:43 (4014 turns).

Nattfarinn the Covert (Gnoll Assassin)              Turns: 4014, Time: 00:08:44

Health: -3/50      AC:  7    Str: 14    XL:     6   Next: 14%
Magic:  8/8        EV: 13    Int: 15    God:
Gold:   206        SH:  3    Dex: 16    Spells: 8/8 levels left

rFire    x . .     SeeInvis .   a - +2 dagger
rCold    + . .     Gourm    .   (no shield)
rNeg     . . .     Faith    .   c - +0 robe
rPois    .         Spirit   .   i - +0 helmet
rElec    .         Reflect  +   d - +0 cloak
rCorr    .         Harm     .   s - +2 pair of gloves
MR       .....                  (no boots)
Stlth    ++++......             w - +3 amulet of reflection (curse)
HPRegen  0.16/turn              m - ring of ice
MPRegen  0.11/turn              (no ring)

@: no status effects
A: distributed training, fangs 1, strong nose
a: no special abilities


You were on level 4 of the Dungeon.
You were hungry.

You visited 1 branch of the dungeon, and saw 4 of its levels.
You also visited: Sewer.

You collected 206 gold pieces.

Inventory:

Hand Weapons
 a - a +2 dagger (weapon)
 b - a +0 blowgun
Missiles
 e - 19 poisoned needles
 f - 2 curare-tipped needles
 h - 218 stones (quivered)
Armour
 c - a +0 robe (worn)
 d - a +0 cloak (worn)
 i - a +0 helmet (worn)
 s - a +2 pair of gloves (worn)
Jewellery
 m - a ring of ice (left hand)
 w - a cursed +3 amulet of reflection (around neck)
Scrolls
 j - 2 scrolls of fog {unknown}
 n - a scroll of fear {unknown}
 r - a scroll of blinking
 t - a scroll of immolation {unknown}
 u - 7 scrolls of teleportation {unknown}
 y - 2 scrolls of identify {unknown}
Potions
 k - 2 potions of brilliance {unknown}
 l - 4 potions of curing {unknown}
 p - a potion of might {unknown}
 q - 4 potions of degeneration {unknown}
 v - a potion of haste {unknown}
 x - 3 potions of flight {unknown}
 z - a potion of magic {unknown}
Comestibles
 g - 8 rations
 o - 3 chunks of flesh


   Skills:
 + Level 4.9 Fighting
 + Level 4.9 Short Blades
 + Level 1.8 Long Blades
 + Level 1.8 Axes
 + Level 1.8 Maces & Flails
 + Level 1.8 Polearms
 + Level 1.8 Staves
 + Level 1.8 Slings
 + Level 1.8 Bows
 + Level 1.8 Crossbows
 + Level 4.9 Throwing
 + Level 1.8 Armour
 + Level 3.1 Dodging
 + Level 8.0 Stealth
 + Level 1.8 Shields
 + Level 1.8 Unarmed Combat
 + Level 1.8 Spellcasting
 + Level 1.4 Conjurations
 + Level 1.4 Hexes
 + Level 1.4 Charms
 + Level 1.4 Summonings
 + Level 1.4 Necromancy
 + Level 1.4 Translocations
 + Level 1.4 Transmutations
 + Level 1.4 Fire Magic
 + Level 1.4 Ice Magic
 + Level 1.4 Air Magic
 + Level 1.4 Earth Magic
 + Level 1.4 Poison Magic
 + Level 2.0 Invocations
 + Level 1.8 Evocations


You had 8 spell levels left.
You didn't know any spells.

Dungeon Overview and Level Annotations

Branches:
Dungeon (4/15)
 Temple: D:4-7

Altars:
Sif Muna
Yredelemnul

Annotations:
D:4 Goboxel's ghost, amateur GnSk


Innate Abilities, Weirdness & Mutations

Your experience applies equally to all skills.
You have very sharp teeth.
Your uncanny sense of smell can sniff out nearby items.


Message History

Goboxel's ghost says, "If you think I look tough now, just wait!"
Goboxel's ghost hits you. Goboxel's ghost burns you.
You hit Goboxel's ghost but do no damage.
Your bite misses Goboxel's ghost.
Goboxel's ghost is lightly damaged.
Goboxel's ghost misses you.
You hit Goboxel's ghost.
Goboxel's ghost is lightly damaged.
You closely miss Goboxel's ghost.
Goboxel's ghost is lightly damaged.
Goboxel's ghost barely misses you.
You hit Goboxel's ghost.
Goboxel's ghost is moderately damaged.
Goboxel's ghost hits you but does no damage.
You closely miss Goboxel's ghost.
Goboxel's ghost is moderately damaged.
Goboxel's ghost hits you!
* * * LOW HITPOINT WARNING * * *
Goboxel's ghost burns you!
You die...

§...≈.W...§§.h.
≈....≈≈≈≈§≈....
§≈...........§§
#≈≈..........§§
#≈≈.......§≈§#
#≈≈......≈§#
#≈≈≈..§≈§#
#############''#####
#....†..@Wh..........
#.#############.#####
#.#..........# ..#
#.#.########.# #s.
#.#.# #.#####.# #.#.#
#....<#s# #.#.#
####### . #.#.#
#.#.##


You could see a hound and Goboxel's ghost.

Vanquished Creatures
  A scorpion (D:4)
  6 adders
  4 oozes (Sewer)
  9 worms
  3 dart slugs
  4 leopard geckos
  4 orcs
  12 bats
  4 giant cockroaches
  6 goblins
  3 hobgoblins (D:2)
  15 jackals
  4 ball pythons
  4 frilled lizards
  10 kobolds
  8 rats
97 creatures vanquished.

Vanquished Creatures (others)
  A hobgoblin (D:1)
  2 fungi (D:4)
3 creatures vanquished.

Grand Total: 100 creatures vanquished

Notes
Turn   | Place    | Note
-------+----------+-------------------------------------------
     0 | D:1      | Nattfarinn the Gnoll Assassin began the quest for the Orb.
     0 | D:1      | Reached XP level 1. HP: 20/20 MP: 1/1
   114 | D:1      | Reached XP level 2. HP: 9/26 MP: 2/2
   783 | D:1      | Reached XP level 3. HP: 31/31 MP: 3/3
  1509 | D:1      | Reached skill level 1 in Invocations
  1561 | D:2      | Reached skill level 1 in Long Blades
  1561 | D:2      | Reached skill level 1 in Axes
  1561 | D:2      | Reached skill level 1 in Maces & Flails
  1561 | D:2      | Reached skill level 1 in Polearms
  1561 | D:2      | Reached skill level 1 in Staves
  1561 | D:2      | Reached skill level 1 in Slings
  1561 | D:2      | Reached skill level 1 in Bows
  1561 | D:2      | Reached skill level 1 in Crossbows
  1561 | D:2      | Reached skill level 1 in Armour
  1561 | D:2      | Reached skill level 1 in Shields
  1561 | D:2      | Reached skill level 1 in Unarmed Combat
  1561 | D:2      | Reached skill level 1 in Spellcasting
  1561 | D:2      | Reached skill level 1 in Evocations
  1575 | D:2      | Reached XP level 4. HP: 29/38 MP: 5/5
  1772 | D:2      | Reached skill level 1 in Conjurations
  1772 | D:2      | Reached skill level 1 in Hexes
  1772 | D:2      | Reached skill level 1 in Charms
  1772 | D:2      | Reached skill level 1 in Summonings
  1772 | D:2      | Reached skill level 1 in Necromancy
  1772 | D:2      | Reached skill level 1 in Translocations
  1772 | D:2      | Reached skill level 1 in Transmutations
  1772 | D:2      | Reached skill level 1 in Fire Magic
  1772 | D:2      | Reached skill level 1 in Ice Magic
  1772 | D:2      | Reached skill level 1 in Air Magic
  1772 | D:2      | Reached skill level 1 in Earth Magic
  1772 | D:2      | Reached skill level 1 in Poison Magic
  2052 | D:3      | Found a glowing drain.
  2091 | Sewer    | Entered a sewer
  2097 | Sewer    | Reached XP level 5. HP: 14/43 MP: 6/6
  3772 | D:4      | Found a basalt altar of Yredelemnul.
  3783 | D:4      | Found a deep blue altar of Sif Muna.
  3829 | D:4      | Noticed Goboxel's ghost (amateur GnSk)
  3859 | D:4      | Reached skill level 8 in Stealth
  3859 | D:4      | Reached XP level 6. HP: 37/50 MP: 8/8
  4014 | D:4      | Slain by Goboxel's ghost

Skill      XL: |  1  2  3  4  5 |
---------------+----------------+-----
Invocations    | 1 2 |  2.0
Long Blades    | 1 |  1.8
Axes           | 1 |  1.8
Maces & Flails | 1 |  1.8
Polearms       | 1 |  1.8
Staves         | 1 |  1.8
Slings         | 1 |  1.8
Bows           | 1 |  1.8
Crossbows      | 1 |  1.8
Armour         | 1 |  1.8
Shields        | 1 |  1.8
Unarmed Combat | 1 |  1.8
Spellcasting   | 1 |  1.8
Evocations     | 1 |  1.8
Conjurations   | 1 |  1.4
Hexes          | 1 |  1.4
Charms         | 1 |  1.4
Summonings     | 1 |  1.4
Necromancy     | 1 |  1.4
Translocations | 1 |  1.4
Transmutations | 1 |  1.4
Fire Magic     | 1 |  1.4
Ice Magic      | 1 |  1.4
Air Magic      | 1 |  1.4
Earth Magic    | 1 |  1.4
Poison Magic   | 1 |  1.4
Dodging        | 3 |  3.1
Stealth        | 8 |  8.0
Fighting       | |  4.9
Short Blades   | |  4.9
Throwing       | |  4.9

Action                   |  1- 3 |  4- 6 || total
-------------------------+-------+-------++-------
Melee: Dagger            |   131 |   238 ||   369
       Bite              |    16 |    27 ||    43
  Use: Scroll            |       |     1 ||     1
 Stab: Sleeping          |     3 |    18 ||    21
  Eat: Chunk             |     2 |     8 ||    10
Armor: Robe              |    33 |    94 ||   127
Dodge: Dodged            |   109 |   158 ||   267
Block: Other             |       |    17 ||    17
